 Dungeon Crawl Stone Soup version 0.29.1-1-gd02db6906a (webtiles) character file.

Game seed: 3882867610160697074

26 LastDream the Grave Robber (level 3, -2/26 HPs)
             Began as a Ghoul Necromancer on Oct 11, 2022.
             Slain by a worm (6 damage)
             ... on level 2 of the Dungeon.
             The game lasted 00:20:15 (1489 turns).

LastDream the Grave Robber (Ghoul Necromancer)      Turns: 1489, Time: 00:20:16

Health: -2/26      AC:  5    Str: 11    XL:     3   Next: 8%
Magic:  4/4        EV: 10    Int: 12    God:
Gold:   54         SH:  5    Dex:  9    Spells: 4/5 levels left

rFire   . . .      SeeInvis .   h - +0 short sword
rCold   + . .      Faith    .   (no shield)
rNeg    + + +      Spirit   .   i - +0 ring mail
rPois   ∞          Reflect  +   (no helmet)
rElec   .          Harm     .   (no cloak)
rCorr   .          Rampage  .   (no gloves)
Will    .....                   (no boots)
Stlth   +.........              l - amulet of reflection
HPRegen 0.00/turn               (no ring)
MPRegen 0.09/turn               (no ring)

@: inhibited regen
A: claws 1, cold resistance 1, negative energy resistance 3, inhibited
regeneration, torment resistance 2, devour on kill
a: no special abilities


You were on level 2 of the Dungeon.
You visited 1 branch of the dungeon, and saw 2 of its levels.

You collected 54 gold pieces.

Inventory:

Hand Weapons
 h - a +0 short sword (weapon)
 j - a +0 short sword
Missiles
 k - 13 stones
Armour
 a - a +0 robe
 i - a +0 ring mail (worn)
Jewellery
 l - an amulet of reflection (around neck)
 m - an amulet of regeneration
Potions
 b - a potion of magic
 c - a potion of mutation {unknown}
 d - a potion of berserk rage {unknown}
 e - a potion of heal wounds {unknown}
 f - a potion of degeneration {unknown}
 g - a potion of lignification
 n - a potion of invisibility {unknown}


   Skills:
 + Level 0.2 Fighting
 + Level 1.0 Short Blades
 + Level 0.5 Armour
 + Level 1.8 Dodging
 + Level 2.1 Stealth
 + Level 0.3 Shields
 + Level 1.8 Spellcasting
 + Level 4.3 Necromancy


You had 4 spell levels left.
You knew the following spells:

 Your Spells              Type           Power      Damage    Failure   Level
a - Necrotise             Necr           44%        1d6       11%         1

Your spell library contained the following spells:

 Spells                   Type           Power      Damage    Failure   Level
 Vampiric Draining        Necr           11%        2d6       32%         3
 Animate Dead             Necr           11%        N/A       73%         4
 Dazzling Flash           Conj/Hex       2%         N/A       90%         3
 Iskenderun's Mystic Bla  Conj/Tloc      1%         2d3       100%        4
 Agony                    Necr           11%        N/A       97%         5
 Starburst                Conj/Fire      0%         6d3       100%        6


Dungeon Overview and Level Annotations

Branches:
Dungeon (2/15)

Altars:


Innate Abilities, Weirdness & Mutations

You are immune to poison.
You have sharp fingernails.
Your flesh is cold resistant. (rC+)
You are immune to negative energy. (rN+++)
You do not regenerate when monsters are visible.
You are immune to unholy pain and torment.
You thrive by killing the living.


Message History

The goblin hits you with a +0 club.
You barely miss the goblin.
The goblin is severely wounded.
The goblin hits you but does no damage.
You completely miss the goblin.
The goblin is severely wounded.
The goblin hits you but does no damage.
You barely miss the goblin.
The goblin is severely wounded.
The goblin hits you with a +0 club.
You hit the goblin.
You kill the goblin!
You closely miss the goblin. You block the goblin's attack.
You closely miss the goblin. You block the goblin's attack.
You hit the goblin.
You kill the goblin!
You feel better.
You hit the worm.
The worm is lightly wounded.
The worm bites you!
You hit the worm.
The worm is moderately wounded.
You hit the worm.
The worm is moderately wounded.
The worm bites you.
You hit the worm.
The worm is heavily wounded.
The worm bites you but does no damage.
You hit the worm.
The worm is heavily wounded.
You barely miss the worm.
The worm is heavily wounded.
The worm bites you!
* * * LOW HITPOINT WARNING * * *
You hit the worm but do no damage. You claw the worm.
The worm is heavily wounded.
You hit the worm.
The worm is severely wounded.
The worm bites you.
You die...

..# ##.= .... #..
... #.# #####w#
############...#@#
..........##.#<#.#
#########.##.###.#
#..........#.#
###.#.##.#.#.#
#.#.#..#.#.#
#.#.#.## #.#
#######.#.#. #.#
........#.#. #.#


You could see a worm.

Vanquished Creatures
  8 goblins
  5 hobgoblins (D:1)
  A quokka (D:2)
  2 ball pythons (D:1)
  A bat (D:1)
  A frilled lizard (D:1)
  5 kobolds (D:1)
  A rat (D:1)
24 creatures vanquished.

Vanquished Creatures (others)
  2 plants (D:1)
2 creatures vanquished.

Grand Total: 26 creatures vanquished

Notes
Turn   | Place    | Note
-------+----------+-------------------------------------------
     0 | D:1      | LastDream the Ghoul Necromancer began the quest for the
                  | Orb.
     0 | D:1      | Reached XP level 1. HP: 14/14 MP: 2/2
   599 | D:1      | Reached XP level 2. HP: 5/20 MP: 3/3
  1123 | D:1      | Found a faded altar of an unknown god.
  1382 | D:2      | Reached skill level 1 in Short Blades
  1382 | D:2      | Reached XP level 3. HP: 26/26 MP: 1/4
  1489 | D:2      | Slain by a worm

Illustrated notes

Levels and vault maps discovered:
D:1:      amcnicky_arrival_choice, layout_basic,
          shapermc_ecumenical_altar_acropolis, chequers_hall_statues_corner_a
D:2:      layout_basic, minmay_rat_hole, uniq_robin

Skill      XL: |  1  2 |
---------------+-------+-----
Short Blades   | 1 |  1.0
Fighting       | |  0.2
Armour         | |  0.5
Dodging        | |  1.8
Stealth        | |  2.1
Shields        | |  0.3
Spellcasting   | |  1.8
Necromancy     | |  4.3

Action                   || total
-------------------------++-------
Melee: Short sword       ||   111
       Unarmed           ||     8
       Punch             ||     1
 Cast: Necrotise         ||    14
  Use: Scroll            ||     2
Armor: Ring mail         ||    42
Dodge: Dodged            ||    49
Block: Other             ||    34
